 Dungeon Crawl Stone Soup version 0.30.0-29-ga12c61a403 (webtiles) character file.

Game seed: 14746469273871077391

414 booth the Stinger (level 6, -1/44 HPs)
             Began as a Demonspawn Venom Mage on June 4, 2023.
             Was an Initiate of Hepliaklqana.
             Slain by Pikel
             ... wielding a +0 whip of freezing
              (2 damage)
             ... on level 4 of the Dungeon.
             The game lasted 00:32:19 (4691 turns).

booth the Stinger (Demonspawn Venom Mage)           Turns: 4691, Time: 00:32:20

Health: -1/44      AC:  3    Str: 11    XL:     6   Next: 60%
Magic:  4/10       EV: 12    Int: 16    God:    Hepliaklqana [......]
Gold:   117        SH:  0    Dex: 13    Spells: 1/11 levels left

rFire   . . .        k - +0 whip
rCold   . . .        (no shield)
rNeg    . . .        a - +0 robe
rPois   .            q - +0 helmet
rElec   .            (no cloak)
rCorr   .            (no gloves)
SInv    .            (no boots)
Will    .....        (no amulet)
Stlth   ++           d - ring of wizardry
HPRegen 0.27/turn    (no ring)
MPRegen 0.12/turn

%: wizardry (x1)
@: no status effects
A: claws 2, sturdy frame 2
a: Renounce Religion


You were on level 4 of the Dungeon.
You worshipped Hepliaklqana.
Hepliaklqana was noncommittal.
You visited 1 branch of the dungeon, and saw 4 of its levels.

You collected 117 gold pieces.

Inventory:

Hand Weapons
 h - a +0 hand axe
 k - a +0 whip (weapon)
 r - a +0 flail
 y - a +3 flail
Missiles
 o - 6 poisoned darts (quivered)
 s - 2 javelins
 v - a throwing net
Armour
 a - a +0 robe (worn)
 c - a +0 leather armour
 q - a +0 helmet (worn)
Jewellery
 d - a ring of wizardry (left claw)
Wands
 u - a wand of mindburst (15)
Scrolls
 f - 2 scrolls of poison
 i - 2 scrolls of immolation
 l - 3 scrolls of teleportation {unknown}
 n - a scroll of butterflies {unknown}
 t - a scroll of identify
 w - a scroll of magic mapping {unknown}
 z - 2 scrolls of enchant weapon {unknown}
Potions
 b - a potion of magic
 e - 4 potions of brilliance
 g - 2 potions of curing
 j - a potion of might {unknown}
 m - a potion of experience {unknown}
 p - a potion of flight
 x - 2 potions of haste {unknown}


   Skills:
 + Level 2.1 Fighting
 + Level 1.9 Maces & Flails
 + Level 0.5 Armour
 + Level 3.0 Dodging
 + Level 3.1 Stealth
 + Level 3.1 Spellcasting
 + Level 2.2 Transmutations
 + Level 3.9 Poison Magic


You had one spell level left.
You knew the following spells:

 Your Spells              Type           Power      Damage    Failure   Level
a - Sting                 Tmut/Pois      48%        1d5       2%          1
b - Poisonous Vapours     Pois/Air       16%        N/A       5%          2
c - Mephitic Cloud        Conj/Pois/Air  6%         N/A       13%         3
d - Olgreb's Toxic Radia  Pois           15%        N/A       16%         4

Your spell library contained the following spells:

 Spells                   Type           Power      Damage    Failure   Level
 Spider Form              Tmut/Pois      12%        N/A       6%          3
 Ensorcelled Hibernation  Hex/Ice        4%         N/A       12%         2
 Tukima's Dance           Hex            2%         N/A       22%         3
 Anguish                  Hex/Necr       1%         N/A       56%         4
 Passage of Golubria      Tloc           2%         N/A       56%         4
 Yara's Violent Unravell  Hex/Tmut       3%         3d4       75%         5


Dungeon Overview and Level Annotations

Branches:
Dungeon (4/15)
 Temple: D:4-7

Altars:
Hepliaklqana
Sif Muna
Yredelemnul

Annotations:
D:4 Pikel


Innate Abilities, Weirdness & Mutations

You have very sharp fingernails.
Your movements are less encumbered by armour. (ER -4)


Message History

The lemure is moderately wounded.
The lemure hits you but does no damage.
The lemure hits Pikel.
The lemure hits itself.
You hit the lemure.
The lemure is moderately wounded.
The lemure seems less confused.
The lemure hits you!
You barely miss the lemure.
The lemure is moderately wounded.
The lemure hits you.
You hit the lemure.
The lemure is heavily wounded.
You hear the slow rusting of a distant drain.
You barely miss Pikel.
Pikel is heavily wounded.
You closely miss Pikel.
Pikel is heavily wounded.
Pikel hits you with a +0 whip of freezing.
Pikel freezes you.
You miss Pikel.
Pikel is severely wounded.
Pikel misses you.
You hit Pikel.
Pikel is severely wounded.
Pikel closely misses you.
You hit Pikel but do no damage.
Pikel is severely wounded.
Pikel hits you with a +0 whip of freezing.
Pikel freezes you.
You hit Pikel.
Pikel is almost dead.
Pikel hits you with a +0 whip of freezing!
* * * LOW HITPOINT WARNING * * *
Pikel freezes you.
* * * LOW HITPOINT WARNING * * *
You barely miss Pikel.
Pikel is almost dead.
Pikel hits you with a +0 whip of freezing.
* * * LOW HITPOINT WARNING * * *
Pikel freezes you.
You die...

##.........
###..####..
##...## ###
##..### #
##..##
###..##
##..###
##..##
#@.##
#5K###
#.55# #..#
#... #...
... .##


You could see Pikel (poisoned) and 3 lemures.

Vanquished Creatures
  Sigmund (D:2)
  A lemure (D:4)
  A bullfrog (D:4)
  An orc wizard (D:3)
  4 gnolls (D:3)
  3 adders (D:2)
  A worm (D:2)
  2 dart slugs
  5 orcs (D:3)
  10 endoplasms
  4 giant cockroaches
  7 goblins
  8 hobgoblins
  6 jackals
  6 kobolds
  2 quokkas
  3 ball pythons
  5 bats
  6 frilled lizards
  10 rats
86 creatures vanquished.

Notes
Turn   | Place    | Note
-------+----------+-------------------------------------------
     0 | D:1      | booth the Demonspawn Venom Mage began the quest for the
                  | Orb.
     0 | D:1      | Reached XP level 1. HP: 13/13 MP: 3/3
   370 | D:1      | Reached skill level 1 in Transmutations
   382 | D:1      | Gained mutation: You have sharp fingernails. [demonic
                  | ancestry]
   382 | D:1      | Reached XP level 2. HP: 14/19 MP: 0/5
   474 | D:1      | Learned a level 2 spell: Poisonous Vapours
  1019 | D:1      | Gained mutation: You have very sharp fingernails. [demonic
                  | ancestry]
  1019 | D:1      | Reached XP level 3. HP: 25/25 MP: 3/6
  1023 | D:1      | Learned a level 3 spell: Mephitic Cloud
  2055 | D:2      | Gained mutation: Your movements are slightly less
                  | encumbered by armour. (ER -2) [demonic ancestry]
  2055 | D:2      | Reached XP level 4. HP: 18/31 MP: 2/7
  2155 | D:2      | Noticed Sigmund
  2166 | D:2      | Killed Sigmund
  2167 | D:2      | Reached skill level 1 in Fighting
  2167 | D:2      | Reached skill level 1 in Maces & Flails
  2167 | D:2      | Reached XP level 5. HP: 32/38 MP: 2/9
  3170 | D:3      | Found a faded altar of an unknown god.
  3349 | D:3      | Found a hazy altar of Hepliaklqana.
  3410 | D:3      | Found a shimmering blue altar of Sif Muna.
  3510 | D:3      | Gained mutation: Your movements are less encumbered by
                  | armour. (ER -4) [demonic ancestry]
  3510 | D:3      | Reached XP level 6. HP: 34/44 MP: 3/10
  3880 | D:3      | Found a basalt altar of Yredelemnul.
  3884 | D:3      | Noticed an angel
  3900 | D:3      | Noticed a profane servitor
  4182 | D:3      | Learned a level 4 spell: Olgreb's Toxic Radiance
  4504 | D:3      | Became a worshipper of Hepliaklqana the Forgotten
  4668 | D:4      | Noticed Pikel
  4691 | D:4      | HP: 1/44 [Pikel/+0 whip of freezing (6)]
  4691 | D:4      | Slain by Pikel

Illustrated notes

Levels and vault maps discovered:
D:1:      lightli_arrival_flooded_house, layout_loops_ring, minmay_pentomino_u2
D:2:      layout_basic, uniq_sigmund
D:3:      layout_loops_corners, grunt_temple_overflow_holy_war,
          overflow_temple_1_default, mainiacjoe_overflow_catch_the_wave,
          hellmonk_ecumenical_altar_arch_garden, grunt_decor_cap
D:4:      layout_cave_pods, gup_sewer_entry_pipe, uniq_pikel

Skill      XL: |  1  2  3  4  5  6 |
---------------+-------------------+-----
Transmutations | 1 2 |  2.2
Dodging        | 2 3 |  3.0
Stealth        | 2 3 |  3.1
Fighting       | 1 2 |  2.1
Maces & Flails | 1 |  1.9
Spellcasting   | 3 |  3.1
Armour         | |  0.5
Poison Magic   | |  3.9

Action                     |  1- 3 |  4- 6 || total
---------------------------+-------+-------++-------
  Melee: Whip              |    72 |   123 ||   195
         Club              |     2 |       ||     2
         Unarmed           |     2 |       ||     2
         Punch             |       |     3 ||     3
  Throw: Dart              |       |     4 ||     4
         Javelin           |       |     2 ||     2
   Cast: Sting             |    22 |    11 ||    33
         Poisonous Vapours |    32 |    25 ||    57
         Mephitic Cloud    |       |     1 ||     1
    Use: Scroll            |     2 |     4 ||     6
         Potion            |     1 |       ||     1
   Stab: Sleeping          |     1 |     3 ||     4
         Confused          |       |     1 ||     1
 Armour: Robe              |    14 |    18 ||    32
  Dodge: Dodged            |    53 |    58 ||   111
